 Dungeon Crawl Stone Soup version 0.29-a0-474-gdfe5cd1 (webtiles) character file.

Game seed: 273079925195394285

11 Illumine the Sneak (level 2, -1/27 HPs)
             Began as a Minotaur Delver on May 24, 2022.
             Slain by a gnoll
             ... wielding a +0 club
              (3 damage)
             ... on level 3 of the Dungeon.
             The game lasted 00:01:30 (379 turns).

Illumine the Sneak (Minotaur Delver)                 Turns: 379, Time: 00:01:31

Health: -1/27      AC:  5    Str: 16    XL:     2   Next: 17%
Magic:  1/1        EV: 11    Int:  7    God:
Gold:   38         SH:  0    Dex: 11    Spells: 1/1 levels left

rFire   . . .      SeeInvis .   a - +0 spear
rCold   + . .      Faith    .   (no shield)
rNeg    . . .      Spirit   .   h - +0 ring mail {rC+}
rPois   .          Reflect  .   (helmet restricted)
rElec   .          Harm     .   (no cloak)
rCorr   .          Rampage  .   (no gloves)
Will    .....                   (no boots)
Stlth   ++........              (no amulet)
HPRegen 0.09/turn               (no ring)
MPRegen 0.07/turn               (no ring)

@: no status effects
A: horns 2, retaliatory headbutt
a: no special abilities


You were on level 3 of the Dungeon.
You visited 1 branch of the dungeon, and saw 3 of its levels.

You collected 38 gold pieces.

Inventory:

Hand Weapons
 a - a +0 spear (weapon)
 b - a +0 hunting sling
Missiles
 d - 19 stones (quivered)
Armour
 h - a +0 ring mail of cold resistance (worn)
Wands
 g - a wand of digging (3)
Scrolls
 c - a scroll of fog
 e - a scroll of fear
Potions
 f - a potion of haste


   Skills:
 + Level 3.8 Fighting
 * Level 3.0 Polearms
 + Level 0.8 Armour
 - Level 2.2 Dodging
 - Level 4.1 Stealth


You had one spell level left.
You didn't know any spells.
Your spell library was empty.

Dungeon Overview and Level Annotations

Branches:
Dungeon (5/15)
 Temple: D:4-7

Altars:


Innate Abilities, Weirdness & Mutations

You have a pair of horns on your head.
You reflexively headbutt those who attack you in melee.


Message History

The kobold is moderately wounded.
You hit the kobold but do no damage.
The kobold is moderately wounded.
The kobold hits you with a +0 short sword.
You miss the kobold.
The kobold is moderately wounded.
The kobold hits you with a +0 short sword.
You hit the kobold.
You kill the kobold!
A ball python comes into view.
A gnoll comes into view. It is wielding a +0 club.
Things that are here:
a +0 short sword; a kobold corpse The gnoll shouts!
You hit the ball python.
You kill the ball python!
You hear a shout!
You see here a ball python corpse.
The gnoll hits you with a +0 club.
You hit the gnoll.
The gnoll is lightly wounded.
The gnoll hits you but does no damage.
You completely miss the gnoll.
The gnoll is lightly wounded.
The gnoll hits you with a +0 club.
You barely miss the gnoll. Your headbutt misses the gnoll.
The gnoll is lightly wounded.
The gnoll hits you with a +0 club.
* * * LOW HITPOINT WARNING * * *
You hit the gnoll.
You headbutt the gnoll, but do no damage.
The gnoll is moderately wounded.
The gnoll hits you with a +0 club.
* * * LOW HITPOINT WARNING * * *
The gnoll attacks as you move away! The gnoll barely misses you.
You see here a ball python corpse.
You hit the gnoll.
The gnoll is severely wounded.
The gnoll hits you with a +0 club.
You die...

######
##..>.
##...##
###.....##
#........#
#>.....#
##)..#.#
##@## #g#
#.# #.#
... .## #.
.. #.


You could see a gnoll.

Vanquished Creatures
  A worm (D:4)
  2 ball pythons
  A giant cockroach (D:4)
  A goblin (D:4)
  A hobgoblin (D:4)
  2 kobolds
8 creatures vanquished.

Notes
Turn   | Place    | Note
-------+----------+-------------------------------------------
     0 | D:5      | Illumine the Minotaur Delver began the quest for the Orb.
     0 | D:5      | Reached XP level 1. HP: 19/19 MP: 0/0
    26 | D:4      | Noticed an iguana
   180 | D:4      | Noticed an ice beast
   355 | D:4      | Reached XP level 2. HP: 23/27 MP: 1/1
   379 | D:3      | Slain by a gnoll

Illustrated notes

Levels and vault maps discovered:
D:3:      minmay_roachtagon, layout_loops_ring, serial_shops, nicolae_shop_trees
D:4:      layout_loops_corners, corexii_item_surrounded_by_moat, uniq_menkaure
D:5:      minmay_opposing_rooms, layout_basic, minmay_misc_feat_enclosed

Skill      XL: |  1 |
---------------+----+-----
Polearms       | 3 |  3.0
Fighting       | |  3.8
Armour         | |  0.8
Dodging        | |  2.2
Stealth        | |  4.1

Action                   || total
-------------------------++-------
Melee: Spear             ||    25
       Headbutt          ||     5
  Use: Scroll            ||     1
 Stab: Distracted        ||     1
       Sleeping          ||     1
Armor: Ring mail         ||     7
Dodge: Dodged            ||     5

Table legend: (Time is in decaauts)
 A = Elapsed time spent in this place.
 B = Non-inter-level travel time spent in this place.
 C = Inter-level travel time spent in this place.
 D = Time resting spent in this place.
 E = Time spent auto-exploring this place.
 F = Levels seen in this place.
 G = Mean time per level.
                   A        B        C        D        E       F      G
               +--------+--------+--------+--------+--------+-----+--------+
         Total |    378 |    330 |     48 |     66 |      0 |   3 |  126.0 |
       Dungeon |    378 |    330 |     48 |     66 |      0 |   3 |  126.0 |
               +--------+--------+--------+--------+--------+-----+--------+

Top non-repeatable levels by time:
     D:4: 335 daAuts
     D:5: 28 daAuts
     D:3: 14 daAuts
